 Dungeon Crawl Stone Soup version 0.32-a0-791-gfc315c9ecd (webtiles) character file.

Game seed: 15412191603940857655

467 hikkokomori the Cudgeller (level 6, -1/53 HPs)
             Began as a Mountain Dwarf Wanderer on Mar 20, 2024.
             Slain by an orc
             ... wielding a +0 mace
              (6 damage)
             ... on level 4 of the Dungeon on Mar 21, 2024.
             The game lasted 00:05:48 (2250 turns).

hikkokomori the Cudgeller (Mountain Dwarf Wanderer) Turns: 2250, Time: 00:05:49

Health: -1/53      AC:  9    Str: 18    XL:     6   Next: 81%
Magic:  6/6        EV: 13    Int: 10    God:
Gold:   145        SH:  4    Dex: 10    Spells: 5/5 levels left

rFire   . . .        a - +0 mace
rCold   . . .        c - +0 buckler
rNeg    . . .        b - +2 scale mail
rPois   .            (no helmet)
rElec   .            (no cloak)
rCorr   .            (no gloves)
SInv    .            (no boots)
Will    +....        (no amulet) Stlth
                     g - +5 ring of evasion
HPRegen 0.28/turn    q - ring of willpower
MPRegen 0.10/turn

%: no passive effects
@: no status effects
A: runic magic, artefact enchanting
a: no special abilities


You were on level 4 of the Dungeon.
You visited 1 branch of the dungeon, and saw 4 of its levels.

You collected 145 gold pieces.

Inventory:

Hand Weapons
 a - a +0 mace (weapon)
Missiles
 o - 6 curare-tipped darts (quivered)
Armour
 b - a +2 scale mail (worn)
 c - a +0 buckler (worn)
 i - a +0 plate armour
 l - a +0 scale mail
 m - a scarf of harm
 r - a +0 plate armour
Jewellery
 g - a +5 ring of evasion (left hand)
 q - a ring of willpower (right hand)
Wands
 t - a wand of flame (25)
Scrolls
 d - a scroll of vulnerability
 e - 2 scrolls of amnesia {unknown}
 f - 3 scrolls of poison {unknown}
 h - 2 scrolls of blinking {unknown}
 j - a scroll of silence {unknown}
 k - 2 scrolls of teleportation {unknown}
 s - a scroll of identify {unknown}
Potions
 n - a potion of haste {unknown}


   Skills:
 + Level 4.5 Fighting
 + Level 5.4 Maces & Flails
 - Level 4.3 Armour
 - Level 1.0 Dodging
 + Level 4.9 Shields


You had 5 spell levels left.
You didn't know any spells.
Your spell library contained the following spells:

 Spells                   Type           Power      Damage    Failure   Level
 Shock                    Conj/Air       0%         1d3       52%         1
 Dazzling Flash           Conj/Hex       0%         N/A       88%         3
 Mephitic Cloud           Conj/Alch/Air  0%         N/A       88%         3
 Swiftness                Air            0%         N/A       88%         3
 Airstrike                Air            0%         2d(0-16)  99%         4
 Curse of Agony           Necr           0%         N/A       100%        5
 Silence                  Hex/Air        0%         N/A       100%        5


Dungeon Overview and Level Annotations

Branches:
Dungeon (4/15)
 Temple: D:4-7

Altars:

Annotations:
D:3 2 transporters, ezpacito's ghost, amateur CoCK


Innate Abilities, Weirdness & Mutations

Your spellcasting is much less encumbered by armour.
You can use scrolls of enchantment on lesser artefacts.


Message History

You are too injured to fight recklessly!
You are too injured to fight recklessly!
You are too injured to fight recklessly!
You are too injured to fight recklessly!
You are too injured to fight recklessly!
You are too injured to fight recklessly!
You are too injured to fight recklessly!
You are too injured to fight recklessly!
You are too injured to fight recklessly!
You hit the orc but do no damage. The orc misses you.
The orc hits you but does no damage. x2
You closely miss the orc. The orc closely misses you.
The orc hits you but does no damage. The orc barely misses you.
You barely miss the orc.
You block the orc's attack. x2; The orc misses you.
You hit the orc.
The orc is almost dead.
The orc barely misses you. The orc closely misses you.
The orc hits you with a +0 whip.
You barely miss the orc.
The orc is almost dead.
You block the orc's attack. x2; The orc barely misses you.
The orc closely misses you.
The orc hits you with a +2 short sword of electrocution.
You are electrocuted!
* * * LOW HITPOINT WARNING * * *
The orc misses you.
You hit the orc but do no damage.
The orc is almost dead.
You block the orc's attack. The orc misses you. The orc barely misses you.
Unknown command.
It was a potion of heal wounds.
You feel much better.
The orc hits you with a +2 short sword of electrocution.
You are electrocuted!
* * * LOW HITPOINT WARNING * * *
You block the orc's attack. x2
Okay, then.
You hit the orc but do no damage.
The orc is severely wounded.
The orc hits you but does no damage. The orc hits you with a +0 mace.
You die...

#.......... #..........
#.......... #..........
#.......... #..........
. #......[...
....##########..........
......)@.......#########
......ooo......#........
.............<.#........
...............'........
...............#...#####
.....>.........#...####.
########.......#....#...
#.......#....#...
#.......#....#...


You could see 3 orcs.

Vanquished Creatures
  Grinder (D:3)
  Duvessa (D:4)
  Dowan (D:4)
  Jessica (D:2)
  4 adders (D:2)
  2 ribbon worms (D:2)
  3 dart slugs
  2 orcs (D:4)
  4 ball pythons
  7 endoplasms
  2 giant cockroaches (D:2)
  6 goblins
  10 hobgoblins
  5 jackals
  7 kobolds
  2 quokkas
  3 bats
  A frilled lizard (D:1)
  6 rats
68 creatures vanquished.

Notes
Turn   | Place    | Note
-------+----------+-------------------------------------------
     0 | D:1      | hikkokomori the Mountain Dwarf Wanderer began the quest for
                  | the Orb.
     0 | D:1      | hikkokomori set off with the following items: a +0 mace, a
                  | +2 scale mail, a +0 buckler, a scroll of vulnerability.
     0 | D:1      | Reached XP level 1. HP: 16/16 MP: 1/1
   195 | D:1      | Reached XP level 2. HP: 17/23 MP: 2/2
   333 | D:1      | Reached skill level 3 in Maces & Flails
   678 | D:2      | Reached XP level 3. HP: 29/29 MP: 3/3
  1019 | D:2      | Reached XP level 4. HP: 37/37 MP: 4/4
  1076 | D:2      | Noticed Jessica
  1083 | D:2      | Killed Jessica
  1084 | D:2      | Reached skill level 4 in Maces & Flails
  1396 | D:3      | Found a transporter.
  1396 | D:3      | Found a transporter.
  1397 | D:3      | Noticed ezpacito's ghost (amateur CoCK)
  1399 | D:3      | Noticed an ogre
  1400 | D:3      | Identified the +1 dire flail "Bod Ynot" {speed, rElec Str-5
                  | Int+3 Dex+3}
  1400 | D:3      | Noticed an ogre
  1493 | D:3      | Noticed Grinder
  1508 | D:3      | Killed Grinder
  1509 | D:3      | Reached XP level 5. HP: 29/46 MP: 5/5
  1509 | D:3      | Reached XP level 6. HP: 33/52 MP: 6/6
  2001 | D:4      | Noticed Dowan
  2001 | D:4      | Noticed Duvessa
  2015 | D:4      | Killed Duvessa
  2016 | D:4      | Reached skill level 5 in Maces & Flails
  2025 | D:4      | Killed Dowan
  2247 | D:4      | HP: 1/53 [orc/+2 short sword of electrocution (17)]
  2250 | D:4      | Slain by an orc

Illustrated notes

Levels and vault maps discovered:
D:1:      spicycebolla_arrival_ecumenical, layout_basic, dk_noncrumbling_3
D:2:      wad_river_or_something, layout_rooms, uniq_jessica
D:3:      layout_basic, gammafunk_ghost_smash, uniq_grinder
D:4:      layout_gridville, uniq_robin, uniq_duvessa, uniq_natasha

Skill      XL: |  1  2  3  4  5  6 |
---------------+-------------------+-----
Maces & Flails | 3 4 5 |  5.4
Fighting       | 2 4 |  4.5
Shields        | 3 4 |  4.9
Armour         | |  4.3
Dodging        | |  1.0

Action                     |  1- 3 |  4- 6 || total
---------------------------+-------+-------++-------
  Melee: Mace              |   116 |   134 ||   250
    Use: Potion            |       |     3 ||     3
 Armour: Scale mail        |    85 |   100 ||   185
  Dodge: Dodged            |   108 |    97 ||   205
  Block: Buckler           |    19 |    43 ||    62

Table legend: (Time is in decaauts)
 A = Elapsed time spent in this place.
 B = Non-inter-level travel time spent in this place.
 C = Inter-level travel time spent in this place.
 D = Time resting spent in this place.
 E = Time spent auto-exploring this place.
 F = Levels seen in this place.
 G = Mean time per level.
                   A        B        C        D        E       F      G
               +--------+--------+--------+--------+--------+-----+--------+
         Total |   2323 |   2262 |     61 |      0 |   1637 |   4 |  580.8 |
       Dungeon |   2323 |   2262 |     61 |      0 |   1637 |   4 |  580.8 |
               +--------+--------+--------+--------+--------+-----+--------+

Top non-repeatable levels by time:
     D:1: 685 daAuts
     D:2: 634 daAuts
     D:3: 627 daAuts
     D:4: 375 daAuts
